 Dungeon Crawl Stone Soup version 0.28-a0-691-gad6df49e81 (webtiles) character file.

Game seed: 6389727463475051581

406 siradein the Charlatan (level 6, 0/47 HPs)
             Began as a Demonspawn Artificer on Oct 21, 2021.
             Slain by an ogre (17 damage)
             ... on level 3 of the Dungeon.
             The game lasted 00:20:02 (3471 turns).

siradein the Charlatan (Demonspawn Artificer)       Turns: 3471, Time: 00:20:03

Health: 0/47       AC: 11    Str: 13    XL:     6   Next: 56%
Magic:  6/6        EV:  6    Int: 16    God:
Gold:   113        SH:  0    Dex: 13    Spells: 5/5 levels left

rFire   . . .      SeeInvis .   g - +0 spear
rCold   . . .      Faith    .   (no shield)
rNeg    . . .      Spirit   .   m - +0 chain mail
rPois   +          Reflect  .   (no helmet)
rElec   .          Harm     .   n - +0 cloak
rCorr   .          Rampage  .   (no gloves)
Will    .....                   q - +0 pair of boots
Stlth   ..........              a - amulet of regeneration
HPRegen 1.15/turn               s - ring of poison resistance
MPRegen 0.10/turn               (no ring)

@: no status effects
A: big brain 1, demonic magic 1
a: no special abilities


You were on level 3 of the Dungeon.
You visited 1 branch of the dungeon, and saw 4 of its levels.

You collected 113 gold pieces.

Inventory:

Hand Weapons
 g - a +0 spear (weapon)
Missiles
 h - 5 boomerangs
 o - 41 poisoned darts
Armour
 m - a +0 chain mail (worn)
 n - a +0 cloak (worn)
 q - a +0 pair of boots (worn)
Jewellery
 a - an amulet of regeneration (around neck)
 s - a ring of poison resistance (left hand)
Wands
 c - a wand of flame (31)
 d - a wand of charming (15)
Scrolls
 b - a scroll of blinking {unknown}
 f - 2 scrolls of identify {unknown}
 i - a scroll of teleportation {unknown}
 k - a scroll of fear {unknown}
 l - a scroll of amnesia {unknown}
Potions
 j - a potion of resistance {unknown}
 p - a potion of berserk rage {unknown}
 r - a potion of curing {unknown}
Miscellaneous
 e - a piece from Xom's chessboard (6/15) (quivered)


   Skills:
 + Level 3.4 Fighting
 + Level 3.4 Armour
 + Level 3.1 Dodging
 - Level 1.0 Stealth
 + Level 4.5 Evocations


You had 5 spell levels left.
You didn't know any spells.
Your spell library contained the following spells:

 Spells                   Type           Power      Damage    Failure   Level
 Sandblast                Erth           0%         2d4       100%        1
 Passwall                 Tmut/Erth      0%         N/A       100%        2
 Ozocubu's Armour         Ice            0%         N/A       100%        3
 Stone Arrow              Conj/Erth      0%         3d7       100%        3
 Fulminant Prism          Conj/Hex       0%         3d6       100%        4
 Iskenderun's Mystic Bla  Conj/Tloc      0%         2d3       100%        4
 Lee's Rapid Deconstruct  Erth           0%         3d5*      100%        5
 Ozocubu's Refrigeration  Ice            0%         4d5       100%        7


Dungeon Overview and Level Annotations

Branches:
Dungeon (4/15)
 Temple: D:4-7

Altars:


Innate Abilities, Weirdness & Mutations

You have an unusually large brain. (Int +2)
Spells you cast may paralyse adjacent enemies.


Message History

The ogre is moderately wounded.
The ogre closely misses you. The orc completely misses you.
Your chain mail prevents you from hitting the ogre.
The ogre is moderately wounded.
The ogre closely misses you. The orc hits you but does no damage.
Non-targeted evoke: piece from Xom's chessboard (12/15)
Press: ? - help, Q - select action, (/) - cycle Dir - look around, f - activate You make a move on Xom's chessboard...
The orc struggles to resist.
The orc hits you but does no damage.
Unknown command.
Non-targeted evoke: piece from Xom's chessboard (11/15)
Press: ? - help, Q - select action, (/) - cycle Dir - look around, f - activate You make a move on Xom's chessboard...
The orc twists and deforms.
The ogre closely misses you. The orc hits you but does no damage.
Unknown command.
Non-targeted evoke: piece from Xom's chessboard (10/15)
Press: ? - help, Q - select action, (/) - cycle Dir - look around, f - activate You make a move on Xom's chessboard...
The orc twists and deforms.
The ogre hits you with a +0 giant spiked club!!
The orc hits you but does no damage.
Unknown command.
Non-targeted evoke: piece from Xom's chessboard (9/15)
Press: ? - help, Q - select action, (/) - cycle Dir - look around, f - activate You make a move on Xom's chessboard...
The orc seems to speed up.
The orc hits you but does no damage. The ogre closely misses you.
Unknown command.
Non-targeted evoke: piece from Xom's chessboard (8/15)
Press: ? - help, Q - select action, (/) - cycle Dir - look around, f - activate You make a move on Xom's chessboard...
The orc is outlined in light.
The orc hits you with a +0 whip. x2; The ogre barely misses you.
Non-targeted evoke: piece from Xom's chessboard (7/15)
Press: ? - help, Q - select action, (/) - cycle Dir - look around, f - activate You make a move on Xom's chessboard...
The ogre flickers and vanishes!
Deactivating autopickup; reactivate with Ctrl-A.
The orc closely misses you.
Unknown command.
You hit the orc.
The orc is heavily wounded.
The orc hits you but does no damage. Something hits you!
You die...

##############
#....o@{.....#
#.##########.#######
#.....# #.#.....#
#.....### #.#.###.#
#.......# #.#.# #.#
#.....#.# #.#.# #.#
#...[.#.# #.#.#
#.#### #.#)###.#
#.#.# #.....
#.#.###.# #.#.#
######


You could see an orc (fast, misshapen, corona).

Vanquished Creatures
  Sigmund (D:2)
  Natasha (thrice) (D:2)
  4 gnolls
  3 adders (D:2)
  2 worms (D:2)
  2 dart slugs (D:1)
  6 orcs
  10 ball pythons
  5 bats
  6 endoplasms
  8 giant cockroaches
  8 goblins
  5 hobgoblins
  6 jackals (D:1)
  9 kobolds
  4 quokkas
  2 frilled lizards
  6 rats
90 creatures vanquished.

Notes
Turn   | Place    | Note
-------+----------+-------------------------------------------
     0 | D:1      | siradein the Demonspawn Artificer began the quest for the
                  | Orb.
     0 | D:1      | Reached XP level 1. HP: 15/15 MP: 1/1
    41 | D:1      | Reached skill level 1 in Dodging
    41 | D:1      | Reached skill level 1 in Stealth
   399 | D:1      | Gained mutation: You have an unusually large brain. (Int
                  | +2) [demonic ancestry]
   399 | D:1      | Reached XP level 2. HP: 18/21 MP: 2/2
   782 | D:1      | Reached XP level 3. HP: 26/26 MP: 3/3
   802 | D:1      | Found a faded altar of an unknown god.
  1367 | D:2      | Noticed Sigmund
  1390 | D:2      | Killed Sigmund
  1391 | D:2      | Reached skill level 4 in Evocations
  1391 | D:2      | Reached XP level 4. HP: 28/34 MP: 4/4
  1391 | D:2      | Gained mutation: Spells you cast may paralyse adjacent
                  | enemies. [demonic ancestry]
  1391 | D:2      | Reached XP level 5. HP: 33/40 MP: 5/5
  1642 | D:2      | Noticed Natasha
  1651 | D:2      | Killed Natasha
  1696 | D:2      | Reached XP level 6. HP: 46/47 MP: 6/6
  2305 | D:2      | Noticed Natasha
  2333 | D:2      | Killed Natasha
  2349 | D:2      | Noticed Natasha
  2363 | D:2      | Killed Natasha
  3471 | D:3      | Slain by an ogre

Illustrated notes

Levels and vault maps discovered:
D:1:      elethiomel_arrival_quiet, layout_basic,
          hellmonk_ecumenical_altar_heavens_door
D:2:      layout_loops_corners, uniq_sigmund, uniq_natasha
D:3:      layout_loops_ring, kennysheep_donut
D:4:      layout_loops_ring, kennysheep_generic_room_2, uniq_duvessa

Skill      XL: |  1  2  3  4  5  6 |
---------------+-------------------+-----
Dodging        | 1 2 3 |  3.1
Stealth        | 1 |  1.0
Armour         | 2 3 |  3.4
Fighting       | 2 3 |  3.4
Evocations     | 4 |  4.5

Action                   |  1- 3 |  4- 6 || total
-------------------------+-------+-------++-------
Melee: Club              |    39 |       ||    39
       Spear             |   134 |   271 ||   405
Throw: Dart              |       |     3 ||     3
Evoke: Piece from Xom's  |     7 |    12 ||    19
 Stab: Paralysed         |     5 |       ||     5
       Petrified         |       |     4 ||     4
       Petrifying        |       |     1 ||     1
Armor: Leather armour    |    29 |       ||    29
       Ring mail         |    15 |       ||    15
       Chain mail        |     2 |   137 ||   139
Dodge: Dodged            |    89 |    85 ||   174

Table legend: (Time is in decaauts)
 A = Elapsed time spent in this place.
 B = Non-inter-level travel time spent in this place.
 C = Inter-level travel time spent in this place.
 D = Time resting spent in this place.
 E = Time spent auto-exploring this place.
 F = Levels seen in this place.
 G = Mean time per level.
                   A        B        C        D        E       F      G
               +--------+--------+--------+--------+--------+-----+--------+
         Total |   3534 |   3423 |    111 |     19 |   2241 |   4 |  883.5 |
       Dungeon |   3534 |   3423 |    111 |     19 |   2241 |   4 |  883.5 |
               +--------+--------+--------+--------+--------+-----+--------+

Top non-repeatable levels by time:
     D:1: 1265 daAuts
     D:2: 1190 daAuts
     D:3: 966 daAuts
     D:4: 112 daAuts
